 Dungeon Crawl Stone Soup version 0.30.0-18-gc0e69614cb (webtiles) character file.

Game seed: 15086231227516748873

107 McKennaii the Conjurer (level 4, 0/33 HPs)
             Began as a Demigod Conjurer on May 25, 2023.
             Slain by a gnoll
             ... wielding a +0 flail
              (13 damage)
             ... on level 3 of the Dungeon.
             The game lasted 00:00:57 (2115 turns).

McKennaii the Conjurer (Demigod Conjurer)           Turns: 2115, Time: 00:00:58

Health: 0/33       AC:  2    Str:  8    XL:     4   Next: 32%
Magic:  9/11       EV: 12    Int: 24    God:
Gold:   138        SH:  0    Dex: 12    Spells: 6/9 levels left

rFire   . . .        (no weapon)
rCold   . . .        (no shield)
rNeg    + . .        a - +0 robe
rPois   .            (no helmet)
rElec   .            (no cloak)
rCorr   .            (no gloves)
SInv    .            (no boots)
Will    .....        (no amulet)
Stlth   +            f - ring of positive energy
HPRegen 0.25/turn    (no ring)
MPRegen 0.12/turn

%: no passive effects
@: very slow
A: high MP 1, forlorn, divine attributes
a: no special abilities


You were on level 3 of the Dungeon.
You visited 1 branch of the dungeon, and saw 3 of its levels.

You collected 138 gold pieces.

Inventory:

Armour
 a - a +0 robe (worn)
Jewellery
 f - a ring of positive energy (left hand)
Scrolls
 c - 4 scrolls of teleportation {unknown}
 d - a scroll of poison {unknown}
 e - a scroll of summoning {unknown}
 h - a scroll of fear {unknown}
 i - a scroll of identify {unknown}
Potions
 b - a potion of magic
 g - a potion of heal wounds {unknown}


   Skills:
 - Level 1.7 Dodging
 - Level 1.7 Stealth
 + Level 3.1 Spellcasting
 + Level 4.6 Conjurations


You had 6 spell levels left.
You knew the following spells:

 Your Spells              Type           Power      Damage    Failure   Level
a - Magic Dart            Conj           100%       1d8       1%          1
b - Searing Ray           Conj           52%        2d6       2%          2

Your spell library contained the following spells:

 Spells                   Type           Power      Damage    Failure   Level
 Dazzling Flash           Conj/Hex       28%        N/A       12%         3
 Gell's Gravitas          Tloc           3%         N/A       32%         3
 Teleport Other           Tloc           3%         N/A       32%         3
 Fulminant Prism          Conj/Hex       7%         3d7       38%         4
 Iskenderun's Mystic Bla  Conj/Tloc      14%        2d5       38%         4
 Dispersal                Tloc           1%         N/A       100%        6


Dungeon Overview and Level Annotations

Branches:
Dungeon (3/15)


Innate Abilities, Weirdness & Mutations

You have an increased reservoir of magic. (+10% MP)
You shall have no god before yourself.
Your divine heritage dramatically boosts your attributes as you level up.


Message History

No target in view!
A gnoll comes into view. It is wielding a +0 flail.
You can't see any susceptible monsters within range! (Use Z to cast anyway.)
A gnoll comes into view. It is wielding a +0 club.
The gnoll shouts! x2
The gnoll moves out of view.
A gnoll is nearby!
Your line of fire to the gnoll is blocked by a plant.
A gnoll is nearby!
Your line of fire to the gnoll is blocked by a plant.
An adder comes into view.
The adder bites the plant.
The plant begins to die.
A gnoll comes into view. It is wielding a +0 halberd.
There are monsters nearby!
Your line of fire to the gnoll is blocked by a plant.
The gnoll shouts!
The adder hisses angrily.
The gnoll splashes around in the water.
There are monsters nearby!
Your unstable footing causes you to fumble your attack.
The adder bites the plant.
The plant begins to die.
The gnoll hits you with a +0 flail!
The magic dart hits the gnoll.
The gnoll is moderately wounded.
A nearby plant withers and dies.
The adder bites the plant.
The gnoll splashes around in the water.
There are monsters nearby!
Your unstable footing causes you to fumble your attack.
The adder bites the plant.
The plant begins to die.
The gnoll hits you with a +0 flail.
The adder bites the plant.
The magic dart hits the gnoll but does no damage.
The gnoll is moderately wounded.
The adder bites the plant.
The gnoll hits you with a +0 club. The gnoll hits you with a +0 flail.
There are monsters nearby!
You are too injured to fight recklessly!
Unknown command.
The gnoll attacks as you move away! The gnoll misses you.
A nearby plant withers and dies.
The adder bites the plant.
The gnoll hits you with a +0 flail!
You die...

####)###############
#...........
##...########
##P~.♣# ##P~~.~♣#
#~~~~.~~♣##
#~~~~.~~~~#
#P~~~.~P~~#
#~P~P.@P~♣#
#♣P~~g~g~P#
#♣♣P.P~)~#
♣~.SP♣......
♣~.g~~......
♣~.~P~......
~P~.~≈~♣....♣
~♣≈~.~~~♣♣..♣♣ #
♣~~.~P~♣ ~~♣


You could see 3 gnolls and an adder.

Vanquished Creatures
  3 gnolls (D:2)
  2 adders
  2 dart slugs (D:1)
  3 endoplasms
  2 giant cockroaches
  8 goblins
  6 hobgoblins
  4 jackals (D:1)
  5 quokkas
  3 ball pythons
  5 bats
  4 frilled lizards
  4 kobolds
  3 rats
54 creatures vanquished.

Notes
Turn   | Place    | Note
-------+----------+-------------------------------------------
     0 | D:1      | McKennaii the Demigod Conjurer began the quest for the Orb.
     0 | D:1      | Reached XP level 1. HP: 14/14 MP: 5/5
   380 | D:1      | Reached XP level 2. HP: 19/20 MP: 2/7
   528 | D:1      | Reached skill level 4 in Conjurations
   874 | D:1      | Reached XP level 3. HP: 26/26 MP: 7/9
   877 | D:1      | Learned a level 2 spell: Searing Ray
  1743 | D:2      | Reached XP level 4. HP: 33/33 MP: 5/11
  2115 | D:3      | Slain by a gnoll

Illustrated notes

Levels and vault maps discovered:
D:1:      roderic_dead_forest, layout_loops_ring, roderic_roman_lattice
D:2:      layout_rooms
D:3:      minmay_door_path, layout_rooms, amcnicky_altar_gilded,
          mainiacjoe_overflow_small_starburst, mainiacjoe_overflow_alcove_2,
          serial_bayou_lagoon_b

Skill      XL: |  1  2  3 |
---------------+----------+-----
Spellcasting   | 2 3 |  3.1
Conjurations   | 4 |  4.6
Dodging        | |  1.7
Stealth        | |  1.7

Action                     |  1- 3 |  4- 6 || total
---------------------------+-------+-------++-------
  Melee: Unarmed           |     2 |     2 ||     4
   Cast: Magic Dart        |    96 |    13 ||   109
         Searing Ray       |       |     1 ||     1
 Armour: Robe              |     3 |       ||     3
  Dodge: Dodged            |    11 |     1 ||    12
